TOP OF THE 1ST |
Washington Nationals batting - Pitching for San Francisco Giants : LHP Chong-yeol Wong
|
Pitching: LHP Chong-yeol Wong
|
|
Batting: SHB Dylan Novakowski
|
0-0: Ball 1-0: Ball 2-0: Called Strike 2-1: SINGLE (Line Drive, 4D, EV 95.0 MPH)
|
Batting: RHB Tommy Baird
|
0-0: Called Strike 0-1: Swinging Strike 0-2: Ball 1-2: Strikes out swinging
|
Batting: RHB John Sanders
|
0-0: Swinging Strike 0-1: Called Strike Dylan Novakowski steals 2nd base 0-2: Strikes out looking
|
Batting: RHB Kirk Arp
|
0-0: Called Strike 0-1: Foul Ball, location: 2F 0-2: Ball 1-2: Foul Ball, location: 2F 1-2: Foul Ball, location: 2F 1-2: Ball 2-2: Ball 3-2: Foul Ball, location: 2F 3-2: 2-RUN HOME RUN (Flyball, 78XD, EV 105.0 MPH), Distance : 409 ft
|
Batting: LHB Seth Cook
|
0-0: SINGLE (Groundball, 25, EV 67.5 MPH) (infield hit)
|
Batting: RHB Dave Vargas
|
0-0: Called Strike 0-1: Foul Ball, location: 2F 0-2: Strikes out swinging
|
Top of the 1st over - 2 runs, 3 hits, 0 errors, 1 left on base; Washington 2 - San Francisco 0 |
BOTTOM OF THE 1ST |
San Francisco Giants batting - Pitching for Washington Nationals : RHP Jon Glenn
|
Pitching: RHP Jon Glenn
|
|
Batting: RHB Philip Jansen
|
0-0: Ball 1-0: Swinging Strike 1-1: Ball 2-1: Ball 3-1: Base on Balls
|
Batting: LHB Carey Horncole
|
0-0: Called Strike 0-1: Called Strike 0-2: Ball 1-2: Ball 2-2: Ball 3-2: Foul Ball, location: 2F 3-2: SINGLE (Groundball, 34D, EV 105.6 MPH) Philip Jansen to second Philip Jansen to third
|
Batting: RHB Sean Zielinski
|
0-0: Fly out, F8 (Line Drive, 8LM, EV 83.1 MPH) Runner from 3rd tags up, SCORES, throw by CF
|
Batting: SHB Ryan Doss
|
0-0: Called Strike 0-1: Foul Ball, location: 2F 0-2: Fly out, F8 (Flyball, 78M, EV 90.6 MPH)
|
Batting: SHB Bill Dooms
|
0-0: Called Strike 0-1: Foul Ball, location: 2F 0-2: Foul Ball, location: 2F 0-2: Ball 1-2: Ball 2-2: Ball 3-2: Foul Ball, location: 2F 3-2: Ground out 4-3 (Groundball, 34, EV 103.8 MPH)
|
Bottom of the 1st over - 1 run, 1 hit, 0 errors, 1 left on base; Washington 2 - San Francisco 1 |
TOP OF THE 2ND |
Washington Nationals batting - Pitching for San Francisco Giants : LHP Chong-yeol Wong
|
Batting: LHB Emmanuel Gaskin
|
0-0: Ground out 4-3 (Groundball, 4, EV 91.9 MPH)
|
Batting: RHB Eric Wiss
|
0-0: Foul Ball, location: 2F 0-1: Called Strike 0-2: Strikes out swinging
|
Batting: RHB Darren McCarty Jr.
|
0-0: Called Strike 0-1: SINGLE (Groundball, 56S, EV 71.2 MPH) (infield hit)
|
Batting: SHB Dylan Novakowski
|
0-0: Called Strike 0-1: Swinging Strike 0-2: Strikes out swinging
|
Top of the 2nd over - 0 runs, 1 hit, 0 errors, 1 left on base; Washington 2 - San Francisco 1 |
BOTTOM OF THE 2ND |
San Francisco Giants batting - Pitching for Washington Nationals : RHP Jon Glenn
|
Batting: LHB Tom Best
|
0-0: Foul Ball, location: 2F 0-1: Ground out 5-3 (Groundball, 56, EV 101.2 MPH)
|
Batting: LHB Mason Duffy
|
0-0: Ball 1-0: Foul Ball, location: 2F 1-1: Ground out 6-3 (Groundball, 6, EV 88.8 MPH)
|
Batting: LHB Pauli Gassinger
|
0-0: Called Strike 0-1: Foul Ball, location: 2F 0-2: Ground out 6-3 (Groundball, 6M, EV 85.0 MPH)
|
Bottom of the 2nd over - 0 runs, 0 hits, 0 errors, 0 left on base; Washington 2 - San Francisco 1 |
TOP OF THE 3RD |
Washington Nationals batting - Pitching for San Francisco Giants : LHP Chong-yeol Wong
|
Batting: RHB Tommy Baird
|
0-0: Called Strike 0-1: Ball 1-1: Ground out 6-3 (Groundball, 6, EV 86.2 MPH)
|
Batting: RHB John Sanders
|
0-0: Swinging Strike 0-1: SINGLE (Groundball, 56S, EV 65.0 MPH) (infield hit)
|
Batting: RHB Kirk Arp
|
0-0: Grounds into double play, 6-4-3 (Groundball, 6, EV 83.1 MPH)
|
Top of the 3rd over - 0 runs, 1 hit, 0 errors, 0 left on base; Washington 2 - San Francisco 1 |
BOTTOM OF THE 3RD |
San Francisco Giants batting - Pitching for Washington Nationals : RHP Jon Glenn
|
Batting: RHB Bill Defazio
|
0-0: Foul Ball, location: 2F 0-1: Ball 1-1: Ground out 5-3 (Groundball, 56, EV 98.8 MPH)
|
Batting: RHB Philip Jansen
|
0-0: Called Strike 0-1: Fly out, F8 (Flyball, 8LXD, EV 80.6 MPH)
|
Batting: LHB Carey Horncole
|
0-0: Ball 1-0: Ball 2-0: Ball 3-0: Called Strike 3-1: Base on Balls
|
Batting: RHB Sean Zielinski
|
0-0: Ball 1-0: Ball 2-0: Called Strike 2-1: Ball 3-1: Base on Balls Carey Horncole to second
|
Batting: SHB Ryan Doss
|
0-0: Ball 1-0: Swinging Strike 1-1: Called Strike 1-2: Ball 2-2: Fielders Choice at 2nd, U6 (Groundball, 6M, EV 90.6 MPH)
|
Bottom of the 3rd over - 0 runs, 0 hits, 0 errors, 2 left on base; Washington 2 - San Francisco 1 |
TOP OF THE 4TH |
Washington Nationals batting - Pitching for San Francisco Giants : LHP Chong-yeol Wong
|
Batting: LHB Seth Cook
|
0-0: Called Strike 0-1: Ball 1-1: Foul Ball, location: 2F 1-2: Ball 2-2: Ball 3-2: Strikes out swinging
|
Batting: RHB Dave Vargas
|
0-0: Foul Ball, location: 2F 0-1: Ball 1-1: Fly out, F8 (Flyball, 8LD, EV 101.2 MPH)
|
Batting: LHB Emmanuel Gaskin
|
0-0: Ball 1-0: Ball 2-0: Ball 3-0: Base on Balls
|
Batting: RHB Eric Wiss
|
0-0: Ball 1-0: Ball 2-0: Called Strike 2-1: SINGLE (Line Drive, 6M, EV 98.8 MPH) Emmanuel Gaskin to second
|
Batting: RHB Darren McCarty Jr.
|
0-0: Fly out, F8 (Flyball, 8RD, EV 88.8 MPH)
|
Top of the 4th over - 0 runs, 1 hit, 0 errors, 2 left on base; Washington 2 - San Francisco 1 |
BOTTOM OF THE 4TH |
San Francisco Giants batting - Pitching for Washington Nationals : RHP Jon Glenn
|
Batting: SHB Bill Dooms
|
0-0: Foul Ball, location: 2F 0-1: Ball 1-1: Ground out 4-3 (Groundball, 4, EV 80.0 MPH)
|
Batting: LHB Tom Best
|
0-0: Ball 1-0: Ground out U3 (Groundball, 13, EV 83.8 MPH)
|
Batting: LHB Mason Duffy
|
0-0: Fly out, F9 (Flyball, 9, EV 91.9 MPH)
|
Bottom of the 4th over - 0 runs, 0 hits, 0 errors, 0 left on base; Washington 2 - San Francisco 1 |
TOP OF THE 5TH |
Washington Nationals batting - Pitching for San Francisco Giants : LHP Chong-yeol Wong
|
Batting: SHB Dylan Novakowski
|
0-0: Ball 1-0: Ground out 5-3 (Groundball, 5, EV 80.6 MPH)
|
Batting: RHB Tommy Baird
|
0-0: Called Strike 0-1: Foul Ball, location: 2F 0-2: Ground out 4-3 (Groundball, 4, EV 84.4 MPH)
|
Batting: RHB John Sanders
|
0-0: Swinging Strike 0-1: Ground out 4-3 (Groundball, 4, EV 90.0 MPH)
|
Top of the 5th over - 0 runs, 0 hits, 0 errors, 0 left on base; Washington 2 - San Francisco 1 |
BOTTOM OF THE 5TH |
San Francisco Giants batting - Pitching for Washington Nationals : RHP Jon Glenn
|
Batting: LHB Pauli Gassinger
|
0-0: Ground out 3-1 (Groundball, 13, EV 80.6 MPH)
|
Batting: RHB Bill Defazio
|
0-0: Ball 1-0: Ball 2-0: Called Strike 2-1: Ball 3-1: Foul Ball, location: 2F 3-2: Foul Ball, location: 2F 3-2: DOUBLE (Line Drive, 3D, EV 106.9 MPH)
|
Batting: RHB Philip Jansen
|
0-0: Ball 1-0: Called Strike 1-1: Swinging Strike 1-2: Ball 2-2: Ball 3-2: Foul Ball, location: 2F 3-2: Foul Ball, location: 2F 3-2: Ground out 4-3 (Groundball, 4M, EV 90.0 MPH) Bill Defazio to third
|
Batting: LHB Carey Horncole
|
0-0: Ball 1-0: Ball 2-0: Called Strike 2-1: Ball 3-1: Called Strike 3-2: SINGLE (Groundball, 5S, EV 67.5 MPH) (infield hit) Bill Defazio scores
|
Batting: RHB Sean Zielinski
|
0-0: SINGLE (Groundball, 56D, EV 105.6 MPH) Carey Horncole to second Runner from 2nd tries for 3rd, SAFE, throw by LF made to third
|
Batting: SHB Ryan Doss
|
0-0: Called Strike 0-1: Ball 1-1: Foul Ball, location: 2F 1-2: Ball 2-2: Ball 3-2: Base on Balls Sean Zielinski to second
|
Batting: SHB Bill Dooms
|
0-0: Ball 1-0: Ball 2-0: SINGLE (Line Drive, 78S, EV 100.0 MPH) Carey Horncole scores Sean Zielinski to third Ryan Doss to second
|
Batting: LHB Tom Best
|
0-0: Ball 1-0: Ball 2-0: Called Strike 2-1: GRAND SLAM HOME RUN (Flyball, 9LD, EV 96.2 MPH), Distance : 369 ft
|
Pitching: LHP Virgílio Beyfus
|
|
Batting: LHB Mason Duffy
|
0-0: Ball 1-0: Ball 2-0: Called Strike 2-1: Foul Ball, location: 2F 2-2: Foul Ball, location: 2F 2-2: Foul Ball, location: 2F 2-2: Ground out 1-3 (Groundball, 13S, EV 66.9 MPH)
|
Bottom of the 5th over - 6 runs, 5 hits, 0 errors, 0 left on base; Washington 2 - San Francisco 7 |
TOP OF THE 6TH |
Washington Nationals batting - Pitching for San Francisco Giants : LHP Chong-yeol Wong
|
Batting: RHB Kirk Arp
|
0-0: Ground out 4-3 (Groundball, 4, EV 86.2 MPH)
|
Batting: LHB Seth Cook
|
0-0: Swinging Strike 0-1: Ball 1-1: Ball 2-1: Ball 3-1: Swinging Strike 3-2: TRIPLE (Flyball, 8RXD, EV 89.4 MPH)
|
Batting: RHB Dave Vargas
|
0-0: Foul Ball, location: 2F 0-1: Called Strike 0-2: SINGLE (Line Drive, 7S, EV 96.9 MPH) Seth Cook scores
|
Batting: LHB Emmanuel Gaskin
|
0-0: Called Strike 0-1: Ball 1-1: SINGLE (Groundball, 34D, EV 94.4 MPH) Dave Vargas to second Runner from 2nd tries for 3rd, SAFE, throw by RF made to third
|
Batting: RHB Eric Wiss
|
0-0: Called Strike 0-1: Called Strike 0-2: Ball 1-2: Ball 2-2: Ball 3-2: Foul Ball, location: 2F 3-2: Base on Balls Emmanuel Gaskin to second
|
Batting: RHB Darren McCarty Jr.
|
0-0: Called Strike 0-1: Called Strike 0-2: Strikes out swinging
|
Batting: SHB Dylan Novakowski
|
0-0: Swinging Strike 0-1: Swinging Strike 0-2: Strikes out looking
|
Top of the 6th over - 1 run, 3 hits, 0 errors, 3 left on base; Washington 3 - San Francisco 7 |
BOTTOM OF THE 6TH |
San Francisco Giants batting - Pitching for Washington Nationals : LHP Virgílio Beyfus
|
Batting: LHB Pauli Gassinger
|
0-0: Swinging Strike 0-1: Ground out 4-3 (Groundball, 4, EV 88.8 MPH)
|
Batting: RHB Bill Defazio
|
0-0: Ball 1-0: Foul Ball, location: 2F 1-1: Fly out, F9 (Flyball, 9S, EV 83.1 MPH)
|
Batting: RHB Philip Jansen
|
0-0: Swinging Strike 0-1: Called Strike 0-2: Foul Ball, location: 2F 0-2: Fly out, F9 (Line Drive, 9, EV 91.2 MPH)
|
Bottom of the 6th over - 0 runs, 0 hits, 0 errors, 0 left on base; Washington 3 - San Francisco 7 |
TOP OF THE 7TH |
Washington Nationals batting - Pitching for San Francisco Giants : LHP Chong-yeol Wong
|
Batting: RHB Tommy Baird
|
0-0: Ball 1-0: Called Strike 1-1: Ball 2-1: Ground out 4-3 (Groundball, 4, EV 106.2 MPH)
|
Batting: RHB John Sanders
|
0-0: Ball 1-0: Ball 2-0: Called Strike 2-1: Ball 3-1: Called Strike 3-2: Strikes out swinging
|
Batting: RHB Kirk Arp
|
0-0: Ball 1-0: Fly out, F9 (Line Drive, 9, EV 94.4 MPH)
|
Top of the 7th over - 0 runs, 0 hits, 0 errors, 0 left on base; Washington 3 - San Francisco 7 |
BOTTOM OF THE 7TH |
San Francisco Giants batting - Pitching for Washington Nationals : LHP Virgílio Beyfus
|
Batting: LHB Carey Horncole
|
0-0: Fly out, F5 (Popup, 5F, EV 67.5 MPH)
|
Batting: RHB Sean Zielinski
|
0-0: Ball 1-0: Swinging Strike 1-1: Foul Ball, location: 2F 1-2: Ball 2-2: Ball 3-2: Base on Balls
|
Batting: SHB Ryan Doss
|
0-0: Called Strike 0-1: Foul Ball, location: 2F 0-2: Strikes out swinging
|
Batting: SHB Bill Dooms
|
0-0: Ball 1-0: Called Strike 1-1: Ball 2-1: Ball 3-1: Base on Balls Sean Zielinski to second
|
Batting: LHB Tom Best
|
0-0: Ball 1-0: Ball 2-0: Fly out, F5 (Flyball, 5D, EV 81.2 MPH)
|
Bottom of the 7th over - 0 runs, 0 hits, 0 errors, 2 left on base; Washington 3 - San Francisco 7 |
TOP OF THE 8TH |
Washington Nationals batting - Pitching for San Francisco Giants : LHP Chong-yeol Wong
|
Pitching: LHP Tyler Stancil
|
|
Batting: LHB Seth Cook
|
0-0: Ball 1-0: Foul Ball, location: 2F 1-1: Ball 2-1: Called Strike 2-2: Strikes out looking
|
Batting: RHB Dave Vargas
|
0-0: Ball 1-0: Called Strike 1-1: Foul Ball, location: 2F 1-2: Strikes out looking
|
Batting: LHB Emmanuel Gaskin
|
0-0: Called Strike 0-1: Called Strike 0-2: Strikes out swinging
|
Top of the 8th over - 0 runs, 0 hits, 0 errors, 0 left on base; Washington 3 - San Francisco 7 |
BOTTOM OF THE 8TH |
San Francisco Giants batting - Pitching for Washington Nationals : LHP Virgílio Beyfus
|
Pitching: RHP Seth Bowersox
|
|
Batting: LHB Mason Duffy
|
0-0: SINGLE (Line Drive, 3D, EV 102.5 MPH)
|
Batting: LHB Pauli Gassinger
|
0-0: Swinging Strike 0-1: Ball 1-1: Foul Ball, location: 2F 1-2: Foul Ball, location: 2F 1-2: Strikes out swinging
|
Batting: RHB Bill Defazio
|
0-0: Called Strike 0-1: Ball 1-1: Called Strike 1-2: Ball 2-2: Strikes out swinging
|
Batting: RHB Philip Jansen
|
0-0: Ball 1-0: Ball 2-0: Foul Ball, location: 2F 2-1: Foul Ball, location: 2F 2-2: TRIPLE (Line Drive, 89XD, EV 106.2 MPH) Mason Duffy scores
|
Batting: LHB Carey Horncole
|
0-0: Ball 1-0: Ball 2-0: Ball 3-0: Fly out, F8 (Flyball, 8RD, EV 104.4 MPH)
|
Bottom of the 8th over - 1 run, 2 hits, 0 errors, 1 left on base; Washington 3 - San Francisco 8 |
TOP OF THE 9TH |
Washington Nationals batting - Pitching for San Francisco Giants : LHP Tyler Stancil
|
Batting: RHB Eric Wiss
|
0-0: Ground out 4-3 (Groundball, 4S, EV 81.9 MPH)
|
Batting: RHB Darren McCarty Jr.
|
0-0: Hit by Pitch
|
Batting: SHB Dylan Novakowski
|
0-0: Ball 1-0: Ball 2-0: Ball 3-0: Foul Ball, location: 2F 3-1: Base on Balls Darren McCarty Jr. to second
|
Batting: RHB Tommy Baird
|
0-0: Ball 1-0: Ball 2-0: Called Strike 2-1: Grounds into double play, 6-4-3 (Groundball, 6, EV 101.9 MPH)
|
Top of the 9th over - 0 runs, 0 hits, 0 errors, 1 left on base; Washington 3 - San Francisco 8 |
|